[Event "Titled Tuesday Blitz January 10 Early 2023"]
[White "Korchmar, Vasiliy"]
[Black "Mrudul Dehankar"]
[WhiteFideId "24131750"]
[BlackFideId "25096990"]
[WhiteElo "2438"]
[BlackElo "2030"]
[Result "1/2-1/2"]
[Round "01"]
[TimeControl "180+2"]
[Date "2023.01.10"]
[WhiteClock "0:00:05"]
[BlackClock "0:00:08"]

1. e4 c6 2. d4 d5 3. e5 Bf5 4. c4 e6 5. Nc3 Bb4 6. cxd5 cxd5 7. h4 Nc6 8. g4 Be4 9. f3 f6 10. fxe4 fxe5 11. exd5 Qxd5 12. Rh2 exd4 13. a3 Ba5 14. b4 Qe5+ 15. Qe2 Bc7 16. Nb5 Qxh2 17. Qxe6+ Nge7 18. Nxc7+ Qxc7 19. Bc4 Qg3+ 20. Ke2 Rf8 21. Nh3 Qxh3 22. Bg5 Qg2+ 23. Kd1 Qf3+ 24. Kc2 d3+ 25. Kb2 Qe2+ 26. Qxe2 dxe2 27. Bxe2 Rf2 28. Re1 O-O-O 29. Be3 Rh2 30. b5 Nd4 31. Rc1+ Kb8 32. Bf4+ Ka8 33. Bxh2 Nxe2 34. Re1 Rd2+ 35. Kb3 Nd5 36. Be5 a6 37. bxa6 bxa6 38. Bxg7 Nef4 39. g5 Kb7 40. Be5 Rd3+ 41. Kc2 Rxa3 42. Bxf4 Nxf4 43. Re7+ Kc6 44. Rxh7 Rh3 45. Kd2 Kd5 46. Rh6 a5 47. Ra6 Ra3 48. g6 Ke5 49. g7 Rg3 50. Rxa5+ Kf6 51. Ra4 Ne6 52. Ra6 Rxg7 53. Ke3 Ke5 54. Ra5+ Kf6 55. h5 Rh7 56. Kf3 Ng5+ 57. Kg4 Ne6 58. Ra6 Rg7+ 59. Kh4 Rh7 60. Kg4 Rg7+ 61. Kh4 Rd7 62. Rb6 Rd4+ 63. Kg3 Kf5 64. Rb5+ Kf6 65. Rb6 Rd8 66. Kg4 Rg8+ 67. Kh4 Rg1 68. Kh3 Rh1+ 69. Kg4 Rg1+ 70. Kh4 Ra1 71. Kg4 Ra4+ 72. Kh3 Kf7 73. Rb7+ Kg8 74. Kg3 Ng7 75. h6 Nf5+ 76. Kf3 Nxh6 77. Ke3 Nf7 78. Kd3 Kg7 79. Rb6 Ne5+ 80. Kc2 Rg4 81. Kc3 Kf7 82. Ra6 Ke7 83. Rb6 Nd7 84. Rh6 Kd8 85. Re6 Kc7 86. Rh6 Rf4 87. Kd3 Nb6 88. Kc3 Ra4 89. Kb3 Rg4 90. Kc3 Kb7 91. Kb3 Ka6 92. Rh5 Nd7 93. Kc3 Kb6 94. Kb3 Nc5+ 95. Kc3 Kb5 96. Rh3 Rc4+ 97. Kb2 Kb4 98. Rh8 Rf4 99. Rb8+ Kc4 100. Rc8 Rf2+ 101. Kb1 Kb4 102. Rb8+ Kc3 103. Rc8 Kc4 104. Rc7 Kd5 105. Rc8 Kc4 106. Rc7 Rf5 107. Rc8 Kb3 108. Rb8+ Kc3 109. Rc8 Rf1+ 110. Ka2 Kc4 111. Kb2 Kb4 112. Rb8+ Kc4 113. Rc8 Rf3 114. Kb1 Rb3+ 115. Kc2 Rf3 116. Kd2 Rg3 117. Ke2 Rd3 118. Rxc5+ Kxc5 119. Kxd3 1/2-1/2


[Site "https://www.chess.com"]

[Event "Titled Tuesday Blitz January 10 Early 2023"]
[White "Petrova, Irina"]
[Black "UnknownMagician"]
[WhiteFideId "14124122"]
[WhiteElo "2108"]
[BlackElo "2657"]
[Result "0-1"]
[Round "01"]
[TimeControl "180+2"]
[Date "2023.01.10"]
[WhiteClock "0:00:01"]
[BlackClock "0:00:26"]

1. e4 c6 2. d4 d5 3. Nc3 dxe4 4. Nxe4 Nf6 5. Nxf6+ gxf6 6. Nf3 Bf5 7. g3 Qd5 8. Bg2 Qe4+ 9. Qe2 Qxe2+ 10. Kxe2 Bxc2 11. Bf4 e6 12. Rac1 Be4 13. Rhe1 Nd7 14. Kf1 Bd5 15. b3 Ba3 16. Rc2 a5 17. Nd2 Nb6 18. Nc4 Bxg2+ 19. Kxg2 Nxc4 20. bxc4 Bb4 21. Ree2 O-O-O 22. Be3 f5 23. c5 Rd5 24. Rc4 Rhd8 25. f4 Kc7 26. Bf2 b5 27. cxb6+ Kxb6 28. Rec2 Rc8 29. Kf3 Kb5 30. Be3 a4 31. Rc1 Ba3 32. R1c2 c5 33. dxc5 Bxc5 34. Bxc5 Rdxc5 35. Rxc5+ Rxc5 36. Rb2+ Ka5 37. Rb7 Rc3+ 38. Ke2 Rc2+ 39. Kd3 Rxa2 40. Rxf7 Rxh2 41. Ra7+ Kb4 42. Rb7+ Ka3 43. Rb6 Rg2 44. Rxe6 Rxg3+ 45. Kc2 Ka2 46. Re5 Rg2+ 47. Kc1 Rg1+ 48. Kc2 Rg2+ 49. Kc1 a3 50. Rxf5 Kb3 51. Rb5+ Ka4 52. Rb8 a2 53. Ra8+ Kb3 54. Rb8+ Kc3 55. Rc8+ Kd4 56. Ra8 h5 57. f5 Ke5 58. Ra5+ Kf6 59. Ra6+ Kxf5 60. Ra5+ Kg4 61. Ra4+ Kg3 62. Ra3+ Kh2 63. Ra4 Kg1 64. Ra3 h4 0-1


[Site "https://www.chess.com"]

[Event "Titled Tuesday Blitz January 10 Early 2023"]
[White "Demin, Vladimir"]
[Black "Perez Rodriguez, Jennifer"]
[WhiteFideId "4167457"]
[BlackFideId "3507831"]
[WhiteElo "2430"]
[BlackElo "2242"]
[Result "1-0"]
[Round "01"]
[TimeControl "180+2"]
[Date "2023.01.10"]
[WhiteClock "0:01:25"]
[BlackClock "0:00:09"]

1. d4 d5 2. Nc3 c6 3. Bf4 Bf5 4. f3 Bg6 5. e4 e6 6. Qd2 Bb4 7. e5 Ne7 8. h4 h6 9. O-O-O Nd7 10. g4 Qa5 11. Nge2 Rc8 12. a3 Bxa3 13. bxa3 Qxa3+ 14. Kb1 Qb3+ 15. Ka1 Bxc2 16. Rc1 Qa3+ 17. Na2 Bb3 18. Qb2 Qxb2+ 19. Kxb2 Bxa2 20. Kxa2 c5 21. dxc5 Nxc5 22. Nd4 O-O 23. Nb5 a6 24. Nd6 Rc6 25. g5 h5 26. Be3 b6 27. f4 g6 28. Be2 a5 29. Bb5 Rc7 30. Rh2 Nc6 31. Bxc6 Rxc6 32. Rhc2 Rb8 33. Bxc5 bxc5 34. Rxc5 Rxc5 35. Rxc5 Rb4 36. Rc8+ Kg7 37. Ne8+ Kh7 38. Nf6+ Kg7 39. Rg8# 1-0


[Site "https://www.chess.com"]

[Event "Titled Tuesday Blitz January 10 Early 2023"]
[White "Prudnykova, Olga"]
[Black "Shuvalova, Polina"]
[WhiteFideId "14121093"]
[BlackFideId "24171760"]
[WhiteElo "2268"]
[BlackElo "2484"]
[Result "0-1"]
[Round "01"]
[TimeControl "180+2"]
[Date "2023.01.10"]
[WhiteClock "0:00:04"]
[BlackClock "0:00:05"]

1. e4 c6 2. d4 d5 3. exd5 cxd5 4. c4 Nf6 5. Nc3 Nc6 6. Nf3 e6 7. cxd5 exd5 8. Bb5 Bd6 9. Ne5 O-O 10. Bxc6 bxc6 11. O-O c5 12. Re1 Be6 13. Nb5 Bxe5 14. dxe5 Nd7 15. f4 Qb6 16. Nd6 d4 17. b3 a5 18. Kh1 Qc6 19. Qh5 a4 20. bxa4 Rxa4 21. f5 Bd5 22. Qh3 Nxe5 23. Rxe5 Qxd6 24. Bf4 Qc6 25. Qg3 Rxa2 26. Rxa2 Bxa2 27. h3 Ra8 28. Re7 Bd5 29. Rc7 Qe8 30. Be5 g6 31. fxg6 hxg6 32. Bf6 Ra6 33. Qh4 Rxf6 34. Qxf6 d3 35. Re7 Qf8 36. Qe5 d2 37. Qxd5 Qxe7 38. Qxd2 Qe5 39. Qd8+ Kg7 40. Qd2 Qa1+ 41. Kh2 Qe5+ 42. Kg1 c4 43. Qc2 c3 44. Kf1 Qe3 45. Qd1 Qf4+ 46. Ke2 Qe4+ 47. Kf2 c2 48. Qc1 Qd4+ 49. Ke2 Qe4+ 50. Kd2 Qxg2+ 51. Kd3 Qxh3+ 52. Kxc2 Qc8+ 0-1


[Site "https://www.chess.com"]

[Event "Titled Tuesday Blitz January 10 Early 2023"]
[White "Skliarov, Viktor"]
[Black "Golizadeh, Asghar"]
[WhiteFideId "14106736"]
[BlackFideId "12505269"]
[WhiteElo "2383"]
[BlackElo "2455"]
[Result "0-1"]
[Round "01"]
[TimeControl "180+2"]
[Date "2023.01.10"]
[WhiteClock "0:00:07"]
[BlackClock "0:00:14"]

1. e4 c5 2. Nf3 e6 3. c3 d5 4. e5 d4 5. cxd4 cxd4 6. Bb5+ Bd7 7. Nxd4 Bxb5 8. Nxb5 Nc6 9. d4 a6 10. N5c3 Qxd4 11. Qxd4 Nxd4 12. Kd1 O-O-O 13. Nd2 Ne7 14. f4 Ng6 15. g3 h5 16. Rf1 h4 17. g4 Nc6 18. Ke2 Rd4 19. Nde4 Bb4 20. Be3 Bxc3 21. Nxc3 Rb4 22. b3 Nd4+ 23. Bxd4 Rxd4 24. Ke3 Rhd8 25. Rfd1 Rxf4 26. Rxd8+ Kxd8 27. h3 Rb4 28. Rd1+ Ke7 29. Na4 Nxe5 30. Nc5 Rb5 31. Ne4 Rd5 32. Rxd5 exd5 33. Nc5 Kd6 34. Nxb7+ Kc6 35. Na5+ Kb5 36. Nb7 Kc6 37. Na5+ Kb6 38. b4 Nc4+ 39. Nxc4+ dxc4 40. a4 g5 41. Kd4 Kc7 42. Kxc4 f5 43. gxf5 g4 44. f6 Kd7 45. f7 Ke7 46. b5 axb5+ 47. axb5 gxh3 48. b6 h2 49. b7 h1=Q 50. f8=Q+ Kxf8 51. b8=Q+ Kf7 52. Qf4+ Ke6 53. Qg4+ Ke5 54. Qg5+ Ke6 55. Qg6+ Kd7 56. Qh7+ Kc6 57. Qg6+ Kb7 58. Qh7+ Kb6 59. Kb3 Qf3+ 60. Ka4 Qc6+ 61. Ka3 Qf3+ 62. Ka4 Qg4+ 63. Ka3 h3 64. Qh6+ Kc5 65. Qe3+ Kd5 66. Qd3+ Ke5 67. Qe3+ Kf5 68. Qc5+ Kf4 69. Qd4+ Kg3 70. Qd6+ Qf4 71. Qg6+ Kf2 72. Qc2+ Kg1 73. Qd1+ Kg2 74. Qe2+ Qf2 75. Qe8 h2 76. Ka4 h1=Q 77. Qe4+ Kh2 78. Qg4 Qa1+ 79. Kb5 Qfb2+ 80. Kc6 Qac1+ 81. Kd7 Qbd2+ 82. Ke8 Qce1+ 83. Kf7 Qdf2+ 84. Kg8 Qe8+ 85. Kh7 Qef7+ 86. Kh6 Q2f6+ 87. Qg6 Q7xg6# 0-1


[Site "https://www.chess.com"]

[Event "Titled Tuesday Blitz January 10 Early 2023"]
[White "Marn, Jan"]
[Black "Koellner, Ruben Gideon"]
[WhiteFideId "14619245"]
[BlackFideId "12993093"]
[WhiteElo "2345"]
[BlackElo "2426"]
[Result "0-1"]
[Round "01"]
[TimeControl "180+2"]
[Date "2023.01.10"]
[WhiteClock "0:00:17"]
[BlackClock "0:01:29"]

1. d4 d6 2. Nf3 Nf6 3. g3 Nbd7 4. Bg2 e5 5. O-O Be7 6. c4 c6 7. Nc3 O-O 8. e4 Re8 9. h3 Bf8 10. Re1 Qc7 11. Be3 h6 12. Qd2 a6 13. a4 a5 14. Rad1 Nb8 15. c5 dxc5 16. dxe5 Nfd7 17. Bf4 Qb6 18. g4 Na6 19. Bf1 Nc7 20. Bc4 Ne6 21. Bg3 Qb4 22. Bf1 c4 23. Nh4 Nec5 24. Nf5 Nxe5 25. Bxe5 Rxe5 26. f4 Re8 27. e5 Bxf5 28. gxf5 Rad8 29. Qxd8 Rxd8 30. Rxd8 Qb6 31. Rxf8+ Kxf8 32. Kg2 Qxb2+ 33. Ne2 Nd3 34. Rd1 Nxf4+ 35. Kf3 Nxe2 36. Bxe2 Qxe5 37. Bxc4 Qxf5+ 38. Ke3 Qxh3+ 39. Kd2 Qg2+ 40. Kc3 Qf3+ 41. Rd3 Qf6+ 42. Kb3 g5 43. Rd7 g4 0-1


[Site "https://www.chess.com"]

[Event "Titled Tuesday Blitz January 10 Early 2023"]
[White "Tasev, Dejan"]
[Black "Rychkov, Roman"]
[WhiteFideId "936618"]
[BlackFideId "30985595"]
[WhiteElo "2205"]
[BlackElo "2023"]
[Result "1/2-1/2"]
[Round "01"]
[TimeControl "180+2"]
[Date "2023.01.10"]
[WhiteClock "0:00:27"]
[BlackClock "0:00:03"]

1. e4 e5 2. Nf3 Nc6 3. Bb5 a6 4. Ba4 Nf6 5. O-O b5 6. Bb3 Bc5 7. c3 d6 8. d4 Bb6 9. h3 O-O 10. Re1 h6 11. Be3 Bb7 12. Nbd2 exd4 13. cxd4 Re8 14. Bc2 Nb4 15. e5 Nxc2 16. Qxc2 dxe5 17. dxe5 Bxe3 18. fxe3 Nh5 19. Rad1 Qe7 20. Ne4 f5 21. Ned2 Ng3 22. Rc1 Rac8 23. Qc5 Ne4 24. Qxe7 Rxe7 25. Nb3 c5 26. Red1 c4 27. Nbd4 g6 28. Rf1 Ng5 29. Nxg5 hxg5 30. g4 fxg4 31. hxg4 Rxe5 32. Kf2 Rf8+ 33. Ke2 Rxf1 34. Rxf1 Kg7 35. Kd2 Bc8 36. Rg1 Re4 37. Nf3 Kf6 38. Nh2 Ke5 39. Nf3+ Kf6 40. Nh2 Bd7 41. a3 Be6 42. Rf1+ Kg7 43. Rg1 Kf7 44. Nf3 Kf6 45. Rf1 Bxg4 46. Nd4+ Ke7 47. Nc6+ Kd6 48. Nd4 Ke7 49. a4 b4 50. Rc1 Be6 51. Rg1 g4 52. b3 c3+ 53. Kd3 Re5 54. Nc6+ Kd6 55. Nxb4 a5 56. Nc2 Bxb3 57. Nd4 Bd5 58. Rxg4 g5 59. Kxc3 Rxe3+ 60. Kd2 Re5 61. Kd3 Kc5 62. Kc3 Re3+ 63. Kd2 Ra3 64. Nc2 Ra2 65. Rxg5 Kc4 66. Rg4+ Kb3 67. Rg3+ Kxa4 68. Kc1 Bb3 69. Rg4+ Kb5 70. Nd4+ Kb4 71. Nc2+ Kb5 72. Rg5+ Kc4 73. Rg4+ Kc3 74. Rg3+ Kc4 75. Ne3+ Kb4 76. Rg4+ Ka3 77. Rg3 Ra1+ 78. Kd2 Ra2+ 79. Kc3 a4 80. Kd4 Rd2+ 81. Kc3 Rh2 82. Kd4 Ka2 83. Kd3 a3 84. Kc3 Bf7 85. Rg2+ Rxg2 86. Nxg2 Kb1 87. Ne3 Bg6 88. Nc4 a2 89. Nd2+ Kc1 90. Nb3+ Kb1 91. Nd2+ Kc1 92. Nb3+ Kb1 93. Nd2+ 1/2-1/2


[Site "https://www.chess.com"]

[Event "Titled Tuesday Blitz January 10 Early 2023"]
[White "Bas Mas, Jose Joaquin"]
[Black "Kim, Yoon-Young"]
[WhiteFideId "22219064"]
[BlackFideId "30908779"]
[WhiteElo "2197"]
[BlackElo "2304"]
[Result "0-1"]
[Round "01"]
[TimeControl "180+2"]
[Date "2023.01.10"]
[WhiteClock "0:00:58"]
[BlackClock "0:01:20"]

1. e4 e5 2. Nf3 Nc6 3. Bc4 Nf6 4. d3 Bc5 5. O-O d6 6. c3 a5 7. a4 O-O 8. Nbd2 Ne7 9. Re1 Ng6 10. Nf1 Be6 11. Qb3 Bxc4 12. Qxc4 Re8 13. b4 Bb6 14. Be3 d5 15. exd5 Nxd5 16. b5 Qd7 17. Rad1 Rad8 18. Qb3 Ngf4 19. d4 Qg4 20. Ng3 exd4 21. Bxd4 Nxg2 22. Qxd5 Nf4 23. Rxe8+ Rxe8 24. Qf5 Qxf3 0-1


[Site "https://www.chess.com"]

[Event "Titled Tuesday Blitz January 10 Early 2023"]
[White "Dehtiarov, Roman"]
[Black "Levitan, Caleb Levi"]
[WhiteFideId "14186640"]
[BlackFideId "14332620"]
[WhiteElo "2289"]
[BlackElo "2129"]
[Result "1-0"]
[Round "01"]
[TimeControl "180+2"]
[Date "2023.01.10"]
[WhiteClock "0:01:09"]
[BlackClock "0:00:04"]

1. e4 c5 2. Nc3 e6 3. f4 d5 4. Nf3 dxe4 5. Nxe4 Nf6 6. Bb5+ Bd7 7. Bxd7+ Nbxd7 8. Qe2 Be7 9. O-O O-O 10. d3 Nd5 11. Bd2 N7f6 12. Kh1 Qc7 13. Ne5 Nd7 14. Bc3 Nxc3 15. Nxc3 Bf6 16. Rae1 Rad8 17. Qe3 a6 18. Qg3 Kh8 19. Re2 c4 20. d4 Bxe5 21. fxe5 Nb6 22. Qh4 h6 23. Re3 Nd5 24. Rh3 Nxc3 25. bxc3 Rd7 26. Rf6 Kg8 27. Rg3 Rc8 28. Rxh6 Kf8 29. Rh8# 1-0


[Site "https://www.chess.com"]

[Event "Titled Tuesday Blitz January 10 Early 2023"]
[White "Player, Edmund C"]
[Black "Taboas Rodriguez, Daniel"]
[WhiteFideId "406520"]
[BlackFideId "2208466"]
[WhiteElo "2204"]
[BlackElo "2371"]
[Result "0-1"]
[Round "01"]
[TimeControl "180+2"]
[Date "2023.01.10"]
[WhiteClock "0:00:13"]
[BlackClock "0:01:05"]

1. e4 e5 2. Nf3 Nc6 3. Bb5 Nf6 4. d3 d6 5. O-O Bd7 6. c3 g6 7. Nbd2 Bg7 8. Re1 O-O 9. Nf1 Nh5 10. d4 Nxd4 11. Nxd4 exd4 12. Bxd7 dxc3 13. Bg4 cxb2 14. Bxb2 Bxb2 15. Rb1 Be5 16. Bxh5 gxh5 17. Qxh5 b6 18. Ne3 Kh8 19. Nf5 Qf6 20. Rb3 Rg8 21. Rh3 Qg6 22. Qf3 Rae8 23. g3 c5 24. Rh6 Qg4 25. Qg2 Rg6 26. h3 Qg5 27. h4 Qd2 28. Rf1 Rxh6 29. Nxh6 Qxh6 30. f4 Bd4+ 31. Kh1 Rg8 32. Rf3 Qg6 33. Kh2 Qxe4 34. f5 Qg4 35. Rf4 Qh5 36. Kh3 Be5 37. Rf3 Qg4+ 38. Kh2 Qxh4+ 0-1


[Site "https://www.chess.com"]

[Event "Titled Tuesday Blitz January 10 Early 2023"]
[White "Khumalo, Keith"]
[Black "Gutkin, Ilya"]
[WhiteFideId "14319470"]
[BlackFideId "16203470"]
[WhiteElo "2099"]
[BlackElo "2273"]
[Result "0-1"]
[Round "01"]
[TimeControl "180+2"]
[Date "2023.01.10"]
[WhiteClock "0:00:47"]
[BlackClock "0:00:09"]

1. d4 e6 2. Nf3 Nf6 3. g3 c5 4. Bg2 cxd4 5. Nxd4 d5 6. O-O e5 7. Nb3 Be6 8. Nc3 Be7 9. Bg5 Nbd7 10. f4 exf4 11. Bxf4 Nc5 12. Nd4 O-O 13. h3 Nce4 14. Nxe4 Nxe4 15. Qd3 Qb6 16. Be3 Qc7 17. Bf4 Qb6 18. Kh2 Rac8 19. Nb3 Bf6 20. c3 Rfd8 21. Rf3 Nd6 22. Raf1 Bf5 23. Qd1 Be4 24. Be3 Qc7 25. Rxf6 gxf6 26. Bd4 Bxg2 27. Kxg2 Ne4 28. Qe1 Qe7 29. Nd2 Rc6 30. Rf4 Re8 31. Rg4+ Kh8 32. Nxe4 dxe4 33. Qf2 Rg8 34. Rf4 Rg6 35. Qe3 Re6 36. Kh2 Kg8 37. g4 b6 38. Rf5 h6 39. Rh5 Kg7 40. Kh1 Kh7 41. Qf4 Qd6 42. Qe3 Rg5 43. Rh4 Qd5 44. b3 Qa5 45. a4 b5 46. axb5 Qxb5 47. b4 Qc4 48. Kg2 Kg6 49. Kh2 Qb5 50. Qf2 a5 51. bxa5 Qxa5 52. e3 Qd5 53. Qf4 Qd6 54. Kg3 Kh7 55. Kf2 Qxf4+ 56. exf4 Ra5 57. f5 Rea6 58. Be3 Ra2+ 59. Kg3 R6a3 60. Bxh6 Rxc3+ 61. Kf4 Re2 62. g5 Rf3+ 63. Kg4 Rg2+ 64. Kh5 Rxf5 65. Rxe4 fxg5 66. Rg4 Rf6 67. Bxg5 Rxg4 68. hxg4 Ra6 69. Be7 Ra5+ 70. g5 Rb5 71. Bf6 Rc5 72. Be7 Rd5 73. Bf6 Kg8 74. Be7 Rf5 75. Bf6 Rf1 76. Kh4 Kh7 77. Kh5 Rh1+ 78. Kg4 Kg6 79. Bd8 Rb1 80. Bf6 Rb5 81. Be7 Ra5 82. Kf4 Ra4+ 83. Ke5 Ra5+ 84. Kf4 Ra1 85. Kg4 Rf1 86. Bd8 Rd1 87. Be7 Rg1+ 88. Kf4 Rf1+ 89. Kg4 Rf5 90. Bd8 Rd5 91. Be7 Rd4+ 92. Kf3 Kf5 93. Bf6 Rg4 94. Ke3 Rxg5 95. Bxg5 Kxg5 96. Ke4 Kg4 97. Ke5 f5 98. Kd4 f4 99. Kd3 Kg3 100. Ke2 Kg2 101. Ke1 f3 0-1


[Site "https://www.chess.com"]

[Event "Titled Tuesday Blitz January 10 Early 2023"]
[White "Makhmudov, Shukhrat"]
[Black "Tologon tegin, Semetei"]
[WhiteFideId "14200775"]
[BlackFideId "13800574"]
[WhiteElo "2115"]
[BlackElo "2372"]
[Result "1/2-1/2"]
[Round "01"]
[TimeControl "180+2"]
[Date "2023.01.10"]
[WhiteClock "0:00:24"]
[BlackClock "0:00:03"]

1. e4 e5 2. Nf3 Nc6 3. Bb5 a6 4. Ba4 Nf6 5. O-O Be7 6. Bxc6 dxc6 7. d3 Nd7 8. Nbd2 O-O 9. Nc4 f6 10. Ne3 Re8 11. d4 exd4 12. Nxd4 Bc5 13. Nb3 Ba7 14. Qd3 Ne5 15. Qxd8 Rxd8 16. Kh1 Be6 17. Na5 Rab8 18. Rd1 Rxd1+ 19. Nxd1 Bb6 20. Nb3 Ng4 21. Kg1 Rd8 22. Bf4 g5 23. Bg3 Bxb3 24. axb3 Rd2 25. Rc1 h5 26. h3 h4 27. Bxh4 gxh4 28. hxg4 Kg7 29. b4 Kg6 30. Kf1 Kg5 31. Ke1 Rd4 32. f3 Rxb4 33. c3 Rb5 34. Ke2 Kf4 35. c4 Ra5 36. Rc2 Kg3 37. b4 Ra4 38. c5 Ba7 39. Rb2 a5 40. Ne3 Rxb4 41. Rxb4 axb4 42. Nf5+ Kxg2 43. Nxh4+ Kh3 44. Nf5 Bxc5 45. e5 fxe5 46. g5 b3 47. Kd3 Kg2 48. g6 Bf8 49. Kc3 Kxf3 50. Kxb3 Kf4 51. g7 Bxg7 52. Nxg7 e4 53. Kc2 e3 54. Kd1 Ke4 55. Ne6 b5 56. Nxc7 b4 57. Na6 Kf3 58. Nxb4 Kf2 59. Nd3+ Kf1 60. Nf4 c5 61. Ne2 c4 62. Nc3 Kf2 63. Ne2 Kf3 64. Nc3 Kf2 65. Ne4+ Kf3 66. Nc3 Kf4 67. Ke2 Ke5 68. Kxe3 Kd6 69. Kd4 Kc6 70. Kxc4 1/2-1/2


[Site "https://www.chess.com"]

[Event "Titled Tuesday Blitz January 10 Early 2023"]
[White "Han, Yichen"]
[Black "Afanasieva, Alexandra"]
[WhiteFideId "1054430"]
[BlackFideId "34126926"]
[WhiteElo "2413"]
[BlackElo "1857"]
[Result "1-0"]
[Round "01"]
[TimeControl "180+2"]
[Date "2023.01.10"]
[WhiteClock "0:01:20"]
[BlackClock "0:00:04"]

1. e4 c5 2. Nc3 e6 3. Nf3 Nc6 4. d4 cxd4 5. Nxd4 Nf6 6. Ndb5 Bc5 7. Bf4 O-O 8. Bc7 Qe7 9. Bd6 Bxd6 10. Qxd6 Ne8 11. Qxe7 Nxe7 12. O-O-O f5 13. f3 fxe4 14. fxe4 Nc6 15. Be2 a6 16. Nd6 Nxd6 17. Rxd6 b5 18. Bf3 Ne5 19. Rf1 Bb7 20. Rdd1 Rac8 21. Ne2 Rc4 22. Ng3 Rfc8 23. Rd2 Nxf3 24. gxf3 d5 25. Re1 d4 26. Red1 g6 27. Kb1 e5 28. Ne2 b4 29. Nc1 a5 30. Nd3 Re8 31. h4 Kf7 32. Rg2 Ke6 33. h5 gxh5 34. Rg5 Rec8 35. Rxe5+ Kf6 36. Rf5+ Ke7 37. Rxh5 Rxc2 38. Rxh7+ Kd6 39. Rxb7 1-0


[Site "https://www.chess.com"]

[Event "Titled Tuesday Blitz January 10 Early 2023"]
[White "Bashirli, Saadat"]
[Black "Hamley, Ryan"]
[WhiteFideId "13429990"]
[BlackFideId "30959497"]
[WhiteElo "1571"]
[BlackElo "2092"]
[Result "1/2-1/2"]
[Round "01"]
[TimeControl "180+2"]
[Date "2023.01.10"]
[WhiteClock "0:00:07"]
[BlackClock "0:01:29"]

1. d4 Nf6 2. c4 e6 3. Nc3 Bb4 4. e3 O-O 5. Bd3 Bxc3+ 6. bxc3 d6 7. Nf3 Nbd7 8. O-O b6 9. e4 e5 10. Bg5 Re8 11. Bc2 h6 12. Bxf6 Qxf6 13. Ba4 exd4 14. cxd4 Rxe4 15. Bc6 Ba6 16. Bxe4 Re8 17. Bd3 Nf8 18. Re1 Rd8 19. Qa4 Bb7 20. Be4 Bxe4 21. Rxe4 Ne6 22. Rae1 d5 23. cxd5 Rxd5 24. Qc6 Rd6 25. Qe8+ Kh7 26. Ne5 Ng5 27. Rg4 Qf5 28. Qb5 f6 29. Qd3 g6 30. Qxf5 gxf5 31. Nc4 fxg4 32. Nxd6 cxd6 33. Re7+ Kg6 34. Rxa7 Ne6 35. d5 Nf4 36. Rd7 Nxd5 37. Rxd6 Nc3 38. Rxb6 Nxa2 39. Rb3 Nc1 40. Re3 Na2 41. Re4 f5 42. Ra4 Nc3 43. Ra6+ Kg5 44. Kf1 h5 45. Ra8 h4 46. Rg8+ Kf4 47. Re8 Ne4 48. g3+ hxg3 49. hxg3+ Kf3 50. Rf8 Nd2+ 51. Ke1 Ne4 52. Rxf5+ Kg2 53. Rf4 Ng5 54. Rxg4 Nf3+ 55. Ke2 Ng1+ 56. Ke3 Nh3 57. Rg8 Nxf2 58. g4 Nd1+ 59. Kf4 Nc3 60. g5 Nd5+ 61. Kf5 Ne7+ 62. Kf6 Nxg8+ 63. Kg7 Ne7 64. Kf7 Nf5 65. g6 Kg3 66. Kf6 Kg4 67. g7 Nxg7 1/2-1/2


[Site "https://www.chess.com"]

[Event "Titled Tuesday Blitz January 10 Early 2023"]
[White "Khamzin, Olzhas"]
[Black "Martinez, Shawn"]
[WhiteFideId "13701690"]
[BlackFideId "2039770"]
[WhiteElo "2301"]
[BlackElo "1881"]
[Result "1-0"]
[Round "01"]
[TimeControl "180+2"]
[Date "2023.01.10"]
[WhiteClock "0:01:34"]
[BlackClock "0:00:56"]

1. d4 g6 2. Nc3 Bg7 3. Bg5 h6 4. Bf4 d6 5. e4 Nd7 6. f3 a6 7. Bc4 b5 8. Bb3 e6 9. Nge2 Bb7 10. Qd2 Ne7 11. h4 b4 12. Nd1 a5 13. a4 e5 14. Be3 c5 15. dxc5 Nxc5 16. Bxc5 dxc5 17. Qxd8+ Rxd8 18. Ne3 Nc6 19. Nd5 Nd4 20. Nxd4 exd4 21. Bc4 Bxd5 22. Bxd5 Be5 23. O-O-O O-O 24. Kb1 Kg7 25. Ka2 f5 26. Kb3 fxe4 27. Bxe4 Rf7 28. Kc4 Rc7 29. b3 Kf6 30. f4 Bd6 31. g3 Re7 32. Rde1 Rde8 33. Kd3 h5 34. Re2 Re6 35. Rhe1 R8e7 36. Kc4 Re8 37. Kd5 R8e7 38. Bd3 Rxe2 39. Rxe2 Rxe2 40. Bxe2 Bf8 41. Bd3 Be7 42. Kc4 Bd6 43. Kb5 1-0


[Site "https://www.chess.com"]

[Event "Titled Tuesday Blitz January 10 Early 2023"]
[White "Real_taiatai"]
[Black "Szpar, Milosz"]
[BlackFideId "1184989"]
[WhiteElo "2318"]
[BlackElo "2447"]
[Result "0-1"]
[Round "01"]
[TimeControl "180+2"]
[Date "2023.01.10"]
[WhiteClock "0:00:12"]
[BlackClock "0:01:35"]

1. e4 c5 2. Nf3 d6 3. Bb5+ Bd7 4. Bxd7+ Nxd7 5. O-O Ngf6 6. Re1 e6 7. c4 Be7 8. Nc3 O-O 9. b3 a6 10. Bb2 Rb8 11. d4 b5 12. cxb5 axb5 13. e5 dxe5 14. dxe5 Ne8 15. Qe2 Qb6 16. Rad1 Qc6 17. Rd2 Nc7 18. Red1 Nb6 19. Ne4 Ncd5 20. Nfg5 h6 21. Nf3 Ra8 22. a3 Rfc8 23. Rc2 c4 24. Nd4 Qd7 25. Nd6 Bxd6 26. exd6 c3 27. Bc1 b4 28. Nb5 bxa3 29. Bxa3 Ra5 30. Nc7 Rxa3 31. g3 Nxc7 32. dxc7 Nd5 33. Qc4 Qxc7 34. Qd4 Rxb3 35. Rdc1 Rb2 36. Rxb2 cxb2 37. Rb1 Qc1+ 0-1


[Site "https://www.chess.com"]

[Event "Titled Tuesday Blitz January 10 Early 2023"]
[White "Sokolovsky, Yahli"]
[Black "Rosenberg, Evan S"]
[WhiteFideId "2820242"]
[BlackFideId "2019299"]
[WhiteElo "2461"]
[BlackElo "1956"]
[Result "1-0"]
[Round "01"]
[TimeControl "180+2"]
[Date "2023.01.10"]
[WhiteClock "0:01:01"]
[BlackClock "0:00:15"]

1. b3 e5 2. Bb2 Nc6 3. e3 d5 4. Nf3 Bd6 5. c4 Nge7 6. Nc3 d4 7. exd4 Nxd4 8. Be2 O-O 9. O-O Re8 10. Ne4 Nef5 11. c5 Bf8 12. Bc4 Be6 13. Rc1 Bxc4 14. Rxc4 f6 15. Re1 Qd5 16. g4 Nxf3+ 17. Qxf3 Ne7 18. d4 Rad8 19. dxe5 fxe5 20. Ng5 Qxf3 21. Nxf3 Ng6 22. Nxe5 Nxe5 23. Rxe5 Rd1+ 24. Kg2 Rxe5 25. Bxe5 Rd5 26. Bxc7 Bxc5 27. Bf4 b6 28. b4 Bf8 29. Be3 a5 30. bxa5 Rxa5 31. a4 b5 32. axb5 Rxb5 33. Rc8 Kf7 34. Rc7+ Kg6 35. h4 Ba3 36. Bd4 h5 37. Rxg7+ Kh6 38. g5+ 1-0


[Site "https://www.chess.com"]

[Event "Titled Tuesday Blitz January 10 Early 2023"]
[White "Schut, Han"]
[Black "Jakubowski, Krzysztof"]
[WhiteFideId "1005561"]
[BlackFideId "1112848"]
[WhiteElo "2101"]
[BlackElo "2486"]
[Result "0-1"]
[Round "01"]
[TimeControl "180+2"]
[Date "2023.01.10"]
[WhiteClock "0:00:04"]
[BlackClock "0:00:47"]

1. e4 c5 2. Nf3 e6 3. c4 Nc6 4. Nc3 Qc7 5. Be2 Nf6 6. O-O Ng4 7. g3 h5 8. d4 cxd4 9. Nxd4 Nxd4 10. Qxd4 a6 11. Bxg4 hxg4 12. Bf4 Qc5 13. Qxc5 Bxc5 14. e5 b6 15. Ne4 Bb7 16. Nxc5 bxc5 17. Rfd1 f6 18. Rd2 O-O-O 19. exf6 Rxh2 20. f3 Rxd2 21. Bxd2 gxf6 22. f4 Rh8 23. Kf2 Rh2+ 24. Ke3 Rg2 25. Be1 Rxb2 26. a4 f5 27. Rd1 Be4 28. Bc3 Rc2 29. Be5 Rxc4 30. Rd2 Rxa4 31. Rb2 Rb4 32. Ra2 Kb7 33. Bd6 Rb5 34. Be7 a5 35. Bd8 d5 36. Bxa5 d4+ 37. Kd2 Kc6 38. Bd8 Kd5 39. Bf6 Rb1 40. Ra8 Rb2+ 41. Kc1 Rg2 42. Rc8 Rxg3 43. Be7 Rc3+ 44. Kd2 Bg2 45. Rd8+ Ke4 46. Rd6 Kxf4 47. Rxe6 Be4 48. Bd6+ Kf3 49. Rh6 Rc2+ 50. Kd1 Rg2 51. Rh1 c4 52. Re1 c3 53. Rf1+ Rf2 54. Rg1 Ra2 55. Rg3+ Kf2 56. Kc1 Ra1# 0-1


[Site "https://www.chess.com"]

[Event "Titled Tuesday Blitz January 10 Early 2023"]
[White "Djokic, Mihailo"]
[Black "Fishchuk, Vladyslav"]
[WhiteFideId "976440"]
[BlackFideId "34122117"]
[WhiteElo "2192"]
[BlackElo "2252"]
[Result "1-0"]
[Round "01"]
[TimeControl "180+2"]
[Date "2023.01.10"]
[WhiteClock "0:01:12"]
[BlackClock "0:01:39"]

1. e4 c5 2. Nf3 Nc6 3. d4 cxd4 4. Nxd4 Nf6 5. Nc3 e5 6. Ndb5 d6 7. Bg5 a6 8. Bxf6 gxf6 9. Na3 b5 10. Nd5 f5 11. c3 Be6 12. exf5 Bxf5 13. Qf3 Be6 14. Nf6+ Ke7 15. Rd1 Bg7 16. Nh5 b4 17. Qxc6 bxa3 18. Nxg7 Rc8 19. Nxe6 fxe6 20. Qxa6 axb2 21. Qb7+ Qc7 22. Qxb2 Rb8 1-0


[Site "https://www.chess.com"]